 Dungeon Sprint DCSS version 0.30.1-11-g7821555f0a (webtiles) character file.

Game seed: 1157552295710827746

1964 Gladio the Thaumaturge (level 9, -3/79 HPs)
             Began as a Djinni Fire Elementalist on Oct 30, 2023.
             Was a Follower of Ashenzari.
             Slain by a slime creature (18 damage)
             ... in the Dungeon (Sprint V: "Ziggurat Sprint").
             The game lasted 00:06:06 (688 turns).

Gladio the Thaumaturge (Djinni Fire Elementalist)    Turns: 688, Time: 00:06:07

Health: -3/79      AC:  2    Str:  7    XL:     9   Next: 42%
Gold:   0          EV: 11    Int: 27    God:    Ashenzari [*.....] SH:  6 Dex: 14

rFire   + + .        w - +5 demon blade
rCold   x . .        y - +3 buckler
rNeg    . . .        a - +0 robe
rPois   ∞            (no helmet)
rElec   .            (no cloak)
rCorr   .            (no gloves)
SInv    .            (boots unavailable)
Will    .....        (no amulet)
Stlth   ++           p - ring of the Sibylline Stars {Int+6, Melee, Self} (curse)
HPRegen 0.33/turn    D - ring of Ashenzari's Henotheism {Wiz, Self, Range} (curse)
MPRegen 0.00/turn

%: no teleportation, wizardry (x1), infuse magic (-4 HP)
@: flying
A: sickness immunity, fire resistance 2, cold vulnerability 1, float, innate
caster, HP casting, extra vitality 1
a: Renounce Religion, Curse Item, Shatter the Chains


You were in the Dungeon.
You worshipped Ashenzari.
Ashenzari was aware of your devotion.
You visited 1 branch

Inventory:

Hand Weapons
 u - the +6 Majin-Bo {spellvamp, MP+6 Int+6}
   (You found it in the Dungeon)

   Int:       It affects your intelligence (+6).
   MP:        It affects your magic capacity (+6).
 w - a +5 demon blade (weapon)
Armour
 a - a +0 robe (worn)
 v - the +15 Maxwell's patent armour {-Cast -Tele rElec Will+ rCorr}
   (You found it in the Dungeon)

   rElec:     It insulates you from electricity.
   -Cast:     It prevents spellcasting.
   -Tele:     It prevents most forms of teleportation.
   rCorr:     It protects you from acid and corrosion.
   Will:      It increases your willpower.
 x - +5 gold dragon scales
 y - a +3 buckler (worn)
Magical Staves
 z - a staff of cold
 A - a staff of earth
Jewellery
 f - a ring of ice
 h - a ring of see invisible
 n - a +6 ring of dexterity
 o - a +6 ring of dexterity
 p - the cursed ring of the Sibylline Stars (left hand) {Int+6, Melee, Self}
   (You found it in the Dungeon)

   [ring of intelligence]

   Int:       It affects your intelligence (+6).
   It has a curse which improves the following skills: Melee Combat: Short
   Blades, Long Blades, Axes, Maces & Flails, Polearms, Staves and Unarmed
   Combat.
   Introspection: Fighting and Spellcasting.
 q - a +6 ring of intelligence
 r - a +6 ring of strength
 s - a +6 ring of strength
 D - the cursed ring of Ashenzari's Henotheism (right hand) {Wiz, Self, Range}
   (You found it in the Dungeon)

   [ring of wizardry]

   It improves your spell success rate.
   It has a curse which improves the following skills: Introspection: Fighting
   and Spellcasting.
   Ranged Combat: Ranged Weapons and Throwing.
Wands
 l - a wand of mindburst (3)
 m - a wand of light (5)
 t - a wand of charming (8)
Potions
 b - 9 potions of curing
 c - 6 potions of heal wounds
 d - 5 potions of haste
 e - 3 potions of berserk rage
 g - 2 potions of brilliance
 i - 4 potions of resistance
 j - a potion of experience
 k - 6 potions of might
Miscellaneous
 B - a condenser vane
 C - a lightning rod (4/4)


   Skills:
 + Level 11.8(12.9) Fighting
 - Level 2.1 Dodging
 - Level 1.5 Stealth
 * Level 13.0(14.1) Spellcasting


You knew the following spells:

 Your Spells              Type           Power      Damage    Failure   Level
a - Foxfire               Conj/Fire      100%       2x1d9     0%          1
b - Scorch                Fire           100%       2d9       0%          2
c - Volatile Blastmotes   Fire/Tloc      100%       2d18      1%          3
d - Inner Flame           Hex/Fire       76%        N/A       1%          3
e - Flame Wave            Conj/Fire      76%        2d17      1%          4
f - Slow                  Hex            100%       N/A       0%          1
g - Ensorcelled Hibernat  Hex/Ice        100%       N/A       0%          2
h - Wereblood             Tmut           76%        N/A       0%          2
i - Stone Arrow           Conj/Erth      100%       3d13      1%          3
Your spell library was empty.

Dungeon Overview and Level Annotations

Branches:
Dungeon (1/1)

Altars:
Ashenzari
Cheibriados
Dithmenos
Elyvilon
Fedhas
Gozag
Hepliaklqana
Makhleb
Nemelex Xobeh
Okawaru
Qazlal
Ru
Trog
Uskayaw
Wu Jian
Xom
Yredelemnul
Zin
The Shining One
Jiyva
Lugonu


Innate Abilities, Weirdness & Mutations

You are immune to sickness and miasma.
You are immune to poison.
Your flesh is very heat resistant. (rF++)
You are vulnerable to cold. (rC-)
You float through the air rather than walking.
You learn spells naturally, not from books.
Your magical power is your life essence.
You have superior vitality. (+4 MHP)


Message History

The flame wave engulfs the slime creature.
The slime creature is lightly wounded.
You finish channelling waves of flame.
The slime creature hits you!! You block the slime creature's attack.
A wave of flame ripples out!
The flame wave engulfs the slime creature!
The slime creature is almost dead.
The flame wave engulfs the slime creature!
The slime creature is almost dead.
The flame wave engulfs the slime creature!!
The slime creature is moderately wounded. (Press . to intensify the flame waves.)
The slime creature hits you! You block the slime creature's attack.
The slime creature closely misses you.
You are too injured to fight recklessly!
Unknown command.
You are too injured to fight recklessly!
Casting: Flame Wave (safe; 1% risk of failure)
Confirm with . or Enter, or press ? or * to list all spells.
Restarting spell: Flame Wave (safe; 1% risk of failure)
Press: ? - help, Dir - look around, f - activate A wave of flame ripples out!
The flame wave engulfs the slime creature.
The slime creature is almost dead.
The flame wave engulfs the slime creature!!
You kill the slime creature!
The flame wave engulfs the slime creature!!
The slime creature is severely wounded. (Press . to intensify the flame waves.)
You block the slime creature's attack. The slime creature hits you!
* * * LOW HITPOINT WARNING * * *
Your base Spellcasting skill increases to level 13!
You completely miss the slime creature.
The slime creature is almost dead.
The slime creature misses you. The slime creature closely misses you.
Unknown command.
You slice the slime creature!!
You kill the slime creature!
The slime creature hits you!!
You die...

▓..=|)..▓
▓../=!..▓
▓.......▓
▓.......▓
▓.......▓
.......
▓.▓..J▓.▓
▓...@...▓
▓▓▓▓▓▓▓▓▓


You could see a slime creature.

Vanquished Creatures
  4 merfolk (D)
  2 tarantellas (D)
  2 slime creatures (D)
  2 phantoms (D)
  3 scorpions (D)
  2 necrophages (D)
  A wight (D)
  A jelly (D)
  An orc priest (D)
  An adder skeleton (D)
  2 orcs (D)
  A bat zombie (D)
  2 endoplasms (D)
  2 ball python skeletons (D)
  A giant cockroach zombie (D)
  2 quokka zombies (D)
29 creatures vanquished.

Notes
Turn   | Place    | Note
-------+----------+-------------------------------------------
     0 | D        | Gladio the Djinni Fire Elementalist began the quest for the
                  | Orb.
     0 | D        | Gladio set off with the following spells memorised:
                  | Foxfire, Scorch, Volatile Blastmotes, Inner Flame, Flame
                  | Wave.
     0 | D        | Reached XP level 1. HP: 15/15 MP: 0/0
     2 | D        | Found a blossoming altar of Fedhas.
     2 | D        | Found the +6 Majin-Bo {spellvamp, MP+6 Int+6}
     2 | D        | Found the +27 heavy crossbow "Sniper" {heavy, Acc+∞ SInv}
     2 | D        | Found the +10 dark maul {heavy}
     2 | D        | Found the +15 Maxwell's patent armour {-Cast -Tele rElec
                  | Will+ rCorr}
     2 | D        | Found the +18 shield of the Gong {Loud rN+ Will+ rCorr
                  | EV-5}
     2 | D        | Found the +16 obsidian axe {drain, demonic, Mesm Drain Fly
                  | SInv}
     2 | D        | Found the +7 great mace "Firestarter" {flame, immolate,
                  | rFlCloud rF++}
     2 | D        | Found the +6 shillelagh "Devastator" {shatter}
     2 | D        | Found the +11 plutonium sword {Contam Stlth-}
     2 | D        | Found the +8 lance "Wyrmbane" {slay drac, rPois rF+ rC+
                  | AC+3}
     2 | D        | Found the +9 sword of Zonguldrok {reap}
     2 | D        | Found the +13 scythe of Curses {drain, curses, Drain}
     2 | D        | Found the +9 sword of Power {lifebolt}
     2 | D        | Found the +7 mace of Variability {chaos, chaos arc}
     2 | D        | Found the +11 Singing Sword {sonic wave}
     2 | D        | Found the +8 storm bow {elec, penet}
     5 | D        | Found a sacrificial altar of Ru.
     5 | D        | Found a bloodstained altar of Trog.
     5 | D        | Found a stormy altar of Qazlal.
     5 | D        | Found an iron altar of Okawaru.
     5 | D        | Found a sparkling altar of Nemelex Xobeh.
    12 | D        | Found a corrupted altar of Lugonu.
    12 | D        | Found a burning altar of Makhleb.
    12 | D        | Found a transporter.
    12 | D        | Found a viscous altar of Jiyva.
    12 | D        | Found a hazy altar of Hepliaklqana.
    29 | D        | Found an opulent altar of Gozag.
    56 | D        | Became a worshipper of Ashenzari the Shackled
   100 | D        | Entered arena 2.
   100 | D        | Noticed a necrophage
   100 | D        | Noticed a necrophage
   100 | D        | Found a transporter.
   104 | D        | Killed a necrophage
   105 | D        | Reached skill level 5 in Spellcasting
   105 | D        | Reached XP level 2. HP: 17/26 MP: 0/0
   105 | D        | Reached XP level 3. HP: 20/31 MP: 0/0
   105 | D        | Learned a level 1 spell: Slow
   105 | D        | Reached XP level 4. HP: 24/37 MP: 0/0
   106 | D        | Killed a necrophage
   107 | D        | Reached skill level 5 in Fighting
   107 | D        | Reached skill level 6 in Spellcasting
   107 | D        | Reached XP level 5. HP: 29/43 MP: 0/0
   107 | D        | Learned a level 2 spell: Ensorcelled Hibernation
   170 | D        | Entered arena 3.
   170 | D        | Found a transporter.
   192 | D        | Entered arena 4.
   192 | D        | Noticed a merfolk
   192 | D        | Noticed a merfolk
   192 | D        | Noticed a merfolk
   192 | D        | Noticed a merfolk
   192 | D        | Found a transporter.
   197 | D        | HP: 1/45 [merfolk/+0 trident (8)]
   206 | D        | Killed a merfolk
   206 | D        | Killed a merfolk
   206 | D        | Killed a merfolk
   207 | D        | Reached skill level 10 in Spellcasting
   207 | D        | Reached XP level 6. HP: 20/58 MP: 0/0
   207 | D        | Reached XP level 7. HP: 22/63 MP: 0/0
   207 | D        | Learned a level 2 spell: Wereblood
   207 | D        | Reached XP level 8. HP: 24/68 MP: 0/0
   211 | D        | Killed a merfolk
   212 | D        | Reached skill level 10 in Fighting
   212 | D        | Reached skill level 11 in Spellcasting
   391 | D        | Entered arena 5.
   391 | D        | Found a transporter.
   440 | D        | Entered arena 6.
   440 | D        | Found the +2 Maxwell's thermic engine {flame, freeze, rev}
   440 | D        | Noticed a tarantella
   440 | D        | Noticed a tarantella
   440 | D        | Found a transporter.
   449 | D        | Killed a tarantella
   450 | D        | Reached skill level 12 in Spellcasting
   450 | D        | Killed a tarantella
   451 | D        | Reached XP level 9. HP: 26/76 MP: 0/0
   451 | D        | Learned a level 3 spell: Stone Arrow
   625 | D        | Reached * piety under Ashenzari
   630 | D        | Entered arena 7.
   630 | D        | Identified the +3 shortbow of Sunlight {elec, rElec rPois
                  | rC++ Dex-2}
   630 | D        | Identified the +5 great sword of Distraction {flame, +Blink
                  | rC- Dex+2}
   631 | D        | Found a transporter.
   676 | D        | Entered arena 8.
   676 | D        | Identified the ring of Covvost {rN+ AC+4 Dex+6}
   687 | D        | Reached skill level 13 in Spellcasting
   688 | D        | Slain by a slime creature

Illustrated notes

Levels and vault maps discovered:
D:        sprint_v [room_start, room_1, room_2, room_3, room_4, room_5, room_6,
          room_7, room_8, room_9, room_10, room_11, room_12, room_13, room_14,
          room_15, room_16, room_17, room_18, room_19, room_20, room_21,
          room_22, room_23, room_24, room_25, room_26, room_27]

Skill      XL: |  1  2  3  4  5  6  7  8  9 |
---------------+----------------------------+-----
Fighting       | 4 5 9 11 | 11.8
Spellcasting   | 5 6 10 12 13 | 13.0
Dodging        | |  2.1
Stealth        | |  1.5

Action                     |  1- 3 |  4- 6 |  7- 9 || total
---------------------------+-------+-------+-------++-------
  Melee: Demon blade       |     3 |    11 |    30 ||    44
   Cast: Flame Wave        |       |       |     4 ||     4
         Volatile Blastmot |       |       |     1 ||     1
 Invoke: Curse Item        |       |     1 |     1 ||     2
  Evoke: Lightning rod     |       |     4 |     4 ||     8
         Wand              |       |     2 |     4 ||     6
         Condenser vane    |       |     1 |     1 ||     2
    Use: Potion            |       |     4 |     4 ||     8
         Scroll            |       |     1 |       ||     1
   Stab: Invisible         |       |       |     1 ||     1
 Armour: Gold dragon scale |     4 |    14 |    60 ||    78
  Dodge: Dodged            |     2 |     2 |     4 ||     8
  Block: Buckler           |       |    10 |    18 ||    28
